 Dungeon Crawl Stone Soup version 0.30-a0-46-g5a63ccc183 (webtiles) character file.

Game seed: 11086455786945894266

851 LnG the Chopper (level 8, -3/68 HPs)
             Began as a Hill Orc Fighter on Sept 1, 2022.
             Slain by a hobgoblin
             ... wielding a +0 scythe
              (7 damage)
             ... on level 4 of the Dungeon.
             The game lasted 00:17:49 (3555 turns).

LnG the Chopper (Hill Orc Fighter)                  Turns: 3555, Time: 00:17:51

Health: -3/68      AC:  7    Str: 21    XL:     8   Next: 1%
Magic:  8/8        EV: 10    Int: 14    God:
Gold:   236        SH:  4    Dex: 10    Spells: 7/7 levels left

rFire   . . .      SeeInvis .    a - +0 war axe
rCold   . . .      Faith    .    c - +0 buckler
rNeg    . . .      Spirit   .    b - +0 scale mail
rPois   .          Reflect  .    (no helmet)
rElec   .          Harm     .    (no cloak)
rCorr   .          Rampage  .    (no gloves)
Will    .....                    (no boots)
Stlth   ..........               r - amulet of regeneration
HPRegen 1.01/turn                i - +6 ring of intelligence
MPRegen 0.11/turn                (no ring)

@: no status effects
A: no striking features
a: no special abilities


You were on level 4 of the Dungeon.
You visited 1 branch of the dungeon, and saw 4 of its levels.
You also visited: Sewer.

You collected 236 gold pieces.

Inventory:

Hand Weapons
 a - a +0 war axe (weapon)
Armour
 b - a +0 scale mail (worn)
 c - a +0 buckler (worn)
Jewellery
 i - a +6 ring of intelligence (left hand)
 r - an amulet of regeneration (around neck)
Wands
 n - a wand of digging (7)
 s - a wand of flame (23)
 z - a wand of iceblast (11)
Scrolls
 j - 3 scrolls of amnesia
 l - a scroll of acquirement {unknown}
 m - a scroll of magic mapping {unknown}
 o - a scroll of immolation {unknown}
 p - a scroll of torment {unknown}
 y - a scroll of teleportation {unknown}
 A - a scroll of enchant weapon {unknown}
Potions
 d - 3 potions of might
 e - 2 potions of heal wounds {unknown}
 f - a potion of mutation
 g - a potion of haste
 h - a potion of magic {unknown}
 k - 2 potions of curing {unknown}
 q - 3 potions of brilliance {unknown}
 t - a potion of degeneration {unknown}
 u - 2 potions of flight {unknown}
 v - 2 potions of berserk rage
 w - a potion of attraction {unknown}
 x - a potion of lignification {unknown}


   Skills:
 + Level 5.1 Fighting
 + Level 7.7 Axes
 + Level 5.9 Armour
 + Level 1.9 Dodging
 + Level 0.4 Stealth
 + Level 4.3 Shields
 + Level 0.6 Evocations


You had 7 spell levels left.
You didn't know any spells.
Your spell library contained the following spells:

 Spells                   Type           Power      Damage    Failure   Level
 Magic Dart               Conj           0%         1d3       67%         1
 Call Imp                 Summ           0%         N/A       82%         2
 Poisonous Vapours        Pois/Air       0%         N/A       82%         2
 Mephitic Cloud           Conj/Pois/Air  0%         N/A       96%         3
 Corpse Rot               Necr/Pois/Air  0%         N/A       100%        4


Dungeon Overview and Level Annotations

Branches:
Dungeon (4/15)              Sewer (visited)
 Temple: D:4-7

Altars:
Sif Muna


Message History

You block the hobgoblin's attack. The hobgoblin barely misses you.
The hobgoblin closely misses you. The hobgoblin barely misses you.
The hobgoblin hits you from afar with a +0 scythe!
The hobgoblin closely misses you.
You hit the hobgoblin.
The hobgoblin is heavily wounded.
You hit the hobgoblin but do no damage. You barely miss the hobgoblin.
The hobgoblin barely misses you. The hobgoblin closely misses you.
The hobgoblin hits you from afar with a +0 scythe.
* * * LOW HITPOINT WARNING * * *
The hobgoblin closely misses you.
The hobgoblin hits you but does no damage.
The hobgoblin misses you.
You barely miss the hobgoblin.
The hobgoblin is heavily wounded.
You hit the hobgoblin.
You kill the hobgoblin!
You hit the hobgoblin.
You kill the hobgoblin!
The hobgoblin misses you. The hobgoblin barely misses you. x2
The hobgoblin closely misses you.
You closely miss the hobgoblin.
The hobgoblin is moderately wounded.
The hobgoblin barely misses you. The hobgoblin closely misses you.
You block the hobgoblin's attack. The hobgoblin barely misses you.
You hit the hobgoblin.
The hobgoblin is severely wounded.
The hobgoblin hits you from afar with a +0 scythe.
* * * LOW HITPOINT WARNING * * *
The hobgoblin hits you from afar with a +0 scythe.
* * * LOW HITPOINT WARNING * * *
You block the hobgoblin's attack. The hobgoblin closely misses you.
You barely miss the hobgoblin.
The hobgoblin is heavily wounded.
You block the hobgoblin's attack. x2; The hobgoblin barely misses you.
The hobgoblin hits you with a +0 scythe!
* * * LOW HITPOINT WARNING * * *
The hobgoblin closely misses you.
The hobgoblin hits you from afar with a +0 scythe!
You die...

#...............
#.##.#####..###.##. #
###.##.#......# #.##. #.
#..........#..###.#.#
#.##.#.##.#...#....^..##
#......##.......######.#
#....#########........
#....#)g###......###.#
#....@gg#......#.# #.#
#....#)g#......#.# #.#
#....####......#.# #..
#..### #.....##.# ###
#..# #.....##.# ###
##.###.####>.....# #..
#.....# ####### #)#
#.##### #.# #.# #.#


You could see 4 hobgoblins.

Vanquished Creatures
  Eustachio (D:4)
  Edmund (D:4)
  Pargi (Sewer)
  An ogre (D:4)
  A bullfrog (D:4)
  A scorpion (D:4)
  2 hounds (D:4)
  Crazy Yiuf (D:3)
  Natasha (thrice) (D:2)
  5 adders
  A dart slug (D:2)
  3 orcs (D:4)
  3 ball pythons
  12 bats
  4 endoplasms
  7 giant cockroaches
  5 goblins
  7 hobgoblins
  4 jackals (D:2)
  8 kobolds
  3 quokkas
  2 frilled lizards
  4 rats
80 creatures vanquished.

Vanquished Creatures (collateral kills)
  A ball python (D:1)
1 creature vanquished.

Grand Total: 81 creatures vanquished

Notes
Turn   | Place    | Note
-------+----------+-------------------------------------------
     0 | D:1      | LnG the Hill Orc Fighter began the quest for the Orb.
     0 | D:1      | Reached XP level 1. HP: 19/19 MP: 1/1
   196 | D:1      | Found a faded altar of an unknown god.
   312 | D:1      | Reached XP level 2. HP: 19/27 MP: 2/2
   504 | D:1      | Reached skill level 3 in Axes
  1098 | D:2      | Reached XP level 3. HP: 33/33 MP: 3/3
  1278 | D:2      | Noticed Natasha
  1288 | D:2      | Killed Natasha
  1289 | D:2      | Reached skill level 4 in Axes
  1486 | D:2      | Reached XP level 4. HP: 40/40 MP: 4/4
  1554 | D:2      | Noticed Natasha
  1559 | D:2      | Killed Natasha
  1600 | D:2      | Noticed Natasha
  1610 | D:2      | Killed Natasha
  1870 | D:3      | Found a glowing drain.
  1947 | D:3      | Reached skill level 5 in Axes
  1947 | D:3      | Reached XP level 5. HP: 40/46 MP: 5/5
  1959 | Sewer    | Entered a sewer
  1993 | Sewer    | Noticed Pargi
  2036 | Sewer    | Killed Pargi
  2037 | Sewer    | Reached skill level 1 in Dodging
  2037 | Sewer    | Reached XP level 6. HP: 10/53 MP: 6/6
  2566 | D:3      | Found a runed translucent door.
  2567 | D:3      | Noticed Crazy Yiuf
  2576 | D:3      | Killed Crazy Yiuf
  2706 | D:4      | Reached skill level 6 in Axes
  2788 | D:4      | Noticed Edmund
  2808 | D:4      | Killed Edmund
  2809 | D:4      | Reached skill level 5 in Armour
  2809 | D:4      | Reached XP level 7. HP: 60/60 MP: 7/7
  2935 | D:4      | Noticed Eustachio
  2945 | D:4      | Killed Eustachio
  2946 | D:4      | Reached skill level 5 in Fighting
  2946 | D:4      | Reached skill level 7 in Axes
  2989 | D:4      | Found a shimmering blue altar of Sif Muna.
  3253 | D:4      | Reached XP level 8. HP: 65/68 MP: 8/8
  3555 | D:4      | Slain by a hobgoblin

Illustrated notes

Levels and vault maps discovered:
D:1:      kennysheep_arrival_forest, layout_basic, basic_ecumenical_altar,
          corexii_hall_statues_x, minmay_splitting_lines
D:2:      wander_river, layout_rooms, uniq_natasha
D:3:      layout_basic, gup_sewer_entry_glass, chequers_serial_rivers_large_a,
          uniq_crazy_yiuf_cottage
D:4:      layout_loops_cross, mainiacjoe_overflow_small_starburst, sigmund_army,
          uniq_eustachio, uniq_edmund

Skill      XL: |  1  2  3  4  5  6  7 |
---------------+----------------------+-----
Axes           | 3 4 5 6 7 |  7.7
Fighting       | 4 5 |  5.1
Armour         | 4 5 |  5.9
Dodging        | 1 |  1.9
Shields        | 4 |  4.3
Stealth        | |  0.4
Evocations     | |  0.6

Action                   |  1- 3 |  4- 6 |  7- 9 || total
-------------------------+-------+-------+-------++-------
Melee: War axe           |   101 |   145 |    59 ||   305
Evoke: Wand              |       |     5 |     2 ||     7
  Use: Scroll            |     3 |     2 |       ||     5
       Potion            |       |     1 |       ||     1
Armor: Scale mail        |    60 |   121 |    13 ||   194
Dodge: Dodged            |    66 |    99 |    52 ||   217
Block: Buckler           |    24 |    46 |    21 ||    91

Table legend: (Time is in decaauts)
 A = Elapsed time spent in this place.
 B = Non-inter-level travel time spent in this place.
 C = Inter-level travel time spent in this place.
 D = Time resting spent in this place.
 E = Time spent auto-exploring this place.
 F = Levels seen in this place.
 G = Mean time per level.
                   A        B        C        D        E       F      G
               +--------+--------+--------+--------+--------+-----+--------+
         Total |   3672 |   3599 |     73 |    492 |   1531 |   5 |  734.4 |
       Dungeon |   3467 |   3394 |     73 |    451 |   1531 |   4 |  866.8 |
         Sewer |    204 |    204 |      0 |     41 |      0 |   1 |  204.0 |
               +--------+--------+--------+--------+--------+-----+--------+

Top non-repeatable levels by time:
     D:2: 1026 daAuts
     D:4: 888 daAuts
     D:1: 816 daAuts
     D:3: 735 daAuts
   Sewer: 204 daAuts
